 Dungeon Crawl Stone Soup version 0.23-a0-558-g30802b1d75 (webtiles) character file.

716 Maize the Chopper (level 7, -2/63 HPs)
             Began as a Minotaur Fighter on Dec 12, 2018.
             Was an Initiate of Okawaru.
             Slain by Prince Ribbit (10 damage)
             ... on level 5 of the Dungeon.
             The game lasted 00:06:46 (4230 turns).

Maize the Chopper (Minotaur Fighter)                Turns: 4230, Time: 00:06:47

Health: -2/63      AC:  8    Str: 23    XL:     7   Next: 41%
Magic:  6/6        EV:  7    Int:  5    God:    Okawaru [......]
Gold:   381        SH:  9    Dex:  9    Spells: 6/6 levels left

rFire    . . .     SeeInvis .   a - +0 war axe
rCold    . . .     Gourm    .   c - +0 shield
rNeg     . . .     Faith    .   b - +0 scale mail
rPois    .         Spirit   .   (helmet restricted)
rElec    .         Reflect  .   (no cloak)
rCorr    .         Harm     .   i - +0 pair of gloves
MR       .....                  (no boots)
Stlth    ..........             (no amulet)
HPRegen  0.20/turn              (no ring)
MPRegen  0.10/turn              (no ring)

@: no status effects
A: retaliatory headbutt, horns 2
a: Renounce Religion


You were on level 5 of the Dungeon.
You worshipped Okawaru.
Okawaru was noncommittal.
You were not hungry.

You visited 2 branches of the dungeon, and saw 6 of its levels.
You also visited: Sewer.

You collected 381 gold pieces.

Inventory:

Hand Weapons
 a - a +0 war axe (weapon)
Armour
 b - a +0 scale mail (worn)
 c - a +0 shield (worn)
 i - a +0 pair of gloves (worn)
Jewellery
 y - an uncursed amulet of magic regeneration {unknown}
Wands
 g - a wand of digging (7)
 h - a wand of scattershot (4)
 z - a wand of enslavement (5)
Scrolls
 e - 2 scrolls of remove curse
 l - 3 scrolls of fog
 m - 2 scrolls of immolation
 n - a scroll of enchant weapon {unknown}
 p - 3 scrolls of teleportation
 r - 2 scrolls of amnesia
 u - a scroll of noise {unknown}
Potions
 d - 2 potions of might
 j - 2 potions of heal wounds
 k - a potion of agility
 o - a potion of lignification {unknown}
 q - a potion of haste {unknown}
 s - a potion of curing {unknown}
 t - 3 potions of flight {unknown}
 v - a potion of degeneration {unknown}
 x - a potion of berserk rage {unknown}
Comestibles
 f - 12 rations
 w - 4 chunks of flesh


   Skills:
 + Level 6.1 Fighting
 * Level 7.3 Axes
 + Level 6.0 Armour
 - Level 3.7 Shields
 + Level 0.2 Invocations


You had 6 spell levels left.
You didn't know any spells.
Your spell library contained the following spells:

 Spells                   Type           Power        Failure   Level  Hunger
 Confusing Touch          Hex            #.....       99%         1    ##.....
 Confuse                  Hex            #.......     100%        3    ####...
 Gell's Gravitas          Tloc           #.........   100%        3    ####...
 Petrify                  Tmut/Erth      #.......     100%        4    #####..
 Metabolic Englaciation   Hex/Ice        #.........   100%        5    ######.
 Yara's Violent Unravell  Hex/Tmut       #.........   100%        5    ######.


Dungeon Overview and Level Annotations

Branches:
Dungeon (5/15)             Temple (1/1) D:5

Altars:
Ashenzari
Cheibriados
Dithmenos
Fedhas
Gozag
Hepliaklqana
Kikubaaqudgha
Makhleb
Nemelex Xobeh
Okawaru
Ru
Sif Muna
Trog
Uskayaw
Vehumet
Xom
Yredelemnul
Zin
The Shining One

Annotations:
D:4 3 runed doors, Shaidar's ghost, amateur MiBe
D:5 Prince Ribbit


Innate Abilities, Weirdness & Mutations

You reflexively headbutt those who attack you in melee.
You have a pair of horns on your head.


Message History

You slash Prince Ribbit!
Prince Ribbit is heavily wounded.
Prince Ribbit hits you but does no damage.
You closely miss Prince Ribbit. Your headbutt misses Prince Ribbit.
Prince Ribbit is heavily wounded.
Prince Ribbit completely misses you. Prince Ribbit hits you!
* * * LOW HITPOINT WARNING * * *
You miss Prince Ribbit.
Prince Ribbit is heavily wounded.
Prince Ribbit hits you!
* * * LOW HITPOINT WARNING * * *
Prince Ribbit barely misses you.
You miss Prince Ribbit. You headbutt Prince Ribbit.
Prince Ribbit is severely wounded.
Prince Ribbit hits you but does no damage.
You hit Prince Ribbit.
Prince Ribbit is severely wounded.
Prince Ribbit croaks regally.
Prince Ribbit hits you!
You die...

#............# #..
#............#...#..
#............#...#..
#............#...#..
###'#######...#...#..
#.........#)).#...#..
#.........#...#...+..
#...F.....#..........
#...@.....#....##...#
#.........#....##...#
#.........#..........
#.........#.......>..
#.........#..........
##+##.....#....##...#
.....#....##...#
.....#......(...
.....#####..##..


You could see Prince Ribbit.

Vanquished Creatures
  An ogre (D:4)
  A big kobold (Sewer)
  A scorpion (D:5)
  A howler monkey (D:5)
  2 hounds
  A centaur skeleton (D:5)
  4 orc wizards (D:3)
  An iguana (D:5)
  A worker ant (D:5)
  A hound skeleton (D:4)
  6 adders
  2 river rats (Sewer)
  An ooze (D:2)
  An adder skeleton (D:4)
  3 worms
  2 dart slugs (D:2)
  6 leopard geckos
  14 orcs
  A ball python (D:4)
  12 bats
  6 giant cockroaches
  9 goblins
  5 hobgoblins
  8 jackals
  A quokka (D:4)
  4 frilled lizards
  A jackal skeleton (D:5)
  12 kobolds
  14 rats
122 creatures vanquished.

Notes
Turn   | Place    | Note
-------+----------+-------------------------------------------
     0 | D:1      | Maize the Minotaur Fighter began the quest for the Orb.
     0 | D:1      | Reached XP level 1. HP: 19/19 MP: 0/0
    93 | D:1      | Reached XP level 2. HP: 26/27 MP: 1/1
   110 | D:1      | Reached skill level 3 in Axes
   334 | D:1      | Reached XP level 3. HP: 29/33 MP: 2/2
   878 | D:2      | Reached skill level 4 in Axes
  1035 | D:2      | Reached XP level 4. HP: 28/41 MP: 3/3
  1485 | D:2      | Found an opulent altar of Gozag.
  1789 | D:3      | Reached XP level 5. HP: 47/47 MP: 4/4
  1804 | D:3      | Reached skill level 5 in Axes
  2189 | D:3      | Reached skill level 5 in Fighting
  2477 | D:3      | Reached skill level 5 in Armour
  2588 | D:3      | Reached XP level 6. HP: 49/56 MP: 5/5
  2769 | D:4      | Found a shadowy altar of Dithmenos.
  2774 | D:4      | Found a glowing drain.
  2791 | Sewer    | Entered a sewer
  2801 | Sewer    | Reached skill level 6 in Axes
  3012 | Sewer    | Found a white marble altar of Elyvilon.
  3446 | D:4      | Found a runed gate.
  3448 | D:4      | Found a runed gate.
  3448 | D:4      | Found an opulent altar of Gozag.
  3448 | D:4      | Found a runed gate.
  3449 | D:4      | Noticed a troll
  3449 | D:4      | Noticed Shaidar's ghost (amateur MiBe)
  3510 | D:4      | Reached XP level 7. HP: 62/62 MP: 6/6
  3836 | D:5      | Entered Level 5 of the Dungeon
  3874 | D:5      | Found a glowing silver altar of Zin.
  3876 | D:5      | Noticed an angel
  3884 | D:5      | Found a shimmering altar of Xom.
  3888 | D:5      | Reached skill level 7 in Axes
  4092 | D:5      | Found a staircase to the Ecumenical Temple.
  4101 | Temple   | Entered the Ecumenical Temple
  4108 | Temple   | Became a worshipper of Warmaster Okawaru
  4202 | D:5      | Noticed Prince Ribbit
  4230 | D:5      | Slain by Prince Ribbit

Vault maps used:
D:1:      onia_arrival_mini_spirals
D:2:      nicolae_gozag_cash_rules_everything_around_me
D:3:      serial_co_window_serial, co_window_corner_a,
          co_window_of_opportunity_a, co_window_paths_a, co_window_corner_a,
          co_window_cross_1, co_window_paths_b, co_window_corner_a,
          co_window_of_opportunity_a, co_window_of_opportunity_a,
          co_window_of_opportunity_c, co_window_paths_c, co_window_corner_b,
          co_window_of_opportunity_b, co_window_corner_b,
          co_window_unsneaky_path_e, co_window_4corner_b, glass_columns_b,
          glass_columns_a, glass_columns_a, glass_columns_c
D:4:      overflow_temple_1_default, first_ration, ebering_ghost_gozag,
          cheibrodos_sewer_entry_drain, chequers_garden, minmay_circle_x
D:5:      grunt_temple_overflow_order_and_chaos_1,
          minmay_temple_entry_stoned_glass, uniq_prince_ribbit1
Temple:   nicolae_temple_no_exploring_needed
Sewer:    sewer_kobolds

Skill      XL: |  1  2  3  4  5  6  7 |
---------------+----------------------+-----
Axes           | 3 4 5 6 7 |  7.3
Fighting       | 4 5 6 |  6.1
Armour         | 4 5 6 |  6.0
Shields        | |  3.7
Invocations    | |  0.2

Action                   |  1- 3 |  4- 6 |  7- 9 || total
-------------------------+-------+-------+-------++-------
Melee: War axe           |    91 |   189 |    63 ||   343
       Headbutt          |    11 |    33 |     9 ||    53
  Use: Scroll            |       |       |     7 ||     7
  Eat: Chunk             |     1 |     8 |     2 ||    11
Armor: Scale mail        |    63 |    80 |    17 ||   160
Dodge: Dodged            |    33 |    64 |    14 ||   111
Block: Shield            |    53 |    97 |    36 ||   186

Table legend:
 A = Non-vault XP
 B = Vault XP
 C = Vault XP percentage of total XP
 D = Non-vault monster count
 E = Vault monster count
 F = Vault count percentage of total count
                 A         B        C        D         E       F
            +---------+---------+-------+---------+---------+-------
      Total |     839 |     185 |  18.1 |     103 |      19 |  15.6
            +---------+---------+-------+---------+---------+-------
        D:1 |      49 |       0 |   0.0 |      30 |       0 |   0.0
        D:2 |     121 |       0 |   0.0 |      22 |       0 |   0.0
        D:3 |     238 |       0 |   0.0 |      35 |       0 |   0.0
        D:4 |     173 |      49 |  22.1 |       5 |       7 |  58.3
        D:5 |     258 |       0 |   0.0 |      11 |       0 |   0.0
      Sewer |       0 |     136 | 100.0 |       0 |      12 | 100.0
            +---------+---------+-------+---------+---------+-------
